 Dungeon Crawl Stone Soup version 0.31-a0-1611-g890cdf5628 (webtiles) character file.

Game seed: 5652108519257950029

2328 jlumianski the Grappler (level 9, 0/68 HPs)
             Began as a Gnoll Shapeshifter on Jan 9, 2024.
             Was a Follower of Wu Jian.
             Succumbed to a killer bee's poison
             ... on level 7 of the Dungeon.
             The game lasted 00:27:26 (6630 turns).

jlumianski the Grappler (Gnoll Shapeshifter)        Turns: 6630, Time: 00:27:28

Health: 0/68       AC:  7    Str: 18    XL:     9   Next: 42%
Magic:  12/15      EV: 18    Int: 13    God:    Wu Jian [*.....]
Gold:   168        SH:  0    Dex: 11    Spells: 8/16 levels left

rFire   . .          .
                       - Unarmed
rCold   + . .        (shield currently unavailable)
rNeg    + . .        o - melded +0 scale mail
rPois   .            q - +1 helmet
rElec   +            w - +0 cloak
rCorr   .            l - +1 pair of gloves
SInv    .            z - +1 pair of boots {Fly}
Will    .....        v - amulet of Ciguj {Acrobat Rampage *Corrode rElec Str+3}
Stlth   +            k - ring of positive energy
HPRegen 0.31/turn    J - ring of protection from cold
MPRegen 0.14/turn

%: corrode self (3%), acrobat, rampage
@: lethally poisoned (0 -> -4), flux-form, flying, glowing
A: glow, contaminating, fangs 1, strong nose, distributed training
a: Begin Untransformation, Renounce Religion


You were on level 7 of the Dungeon.
You worshipped Wu Jian.
Wu Jian was aware of your devotion.
You were something dangerously unstable.
You visited 2 branches of the dungeon, and saw 9 of its levels.

You collected 340 gold pieces.
You spent 172 gold pieces at shops.

Inventory:

Hand Weapons
 p - a +2 dagger of venom
Missiles
 n - 21 poisoned darts (quivered)
 B - a curare-tipped dart
 C - a boomerang
Armour
 a - a +0 animal skin
 l - a +1 pair of gloves (worn)
 o - a +0 scale mail (melded)
 q - a +1 helmet (worn)
 w - a +0 cloak (worn)
 z - a +1 pair of boots of flying (worn)
 H - the +3 scale mail "Ihypawny" {-Tele rPois rC+ SInv}
   (You found it on level 6 of the Dungeon)

   rC+:       It protects you from cold.
   rPois:     It protects you from poison SInv: It lets you see invisible.
   -Tele:     It prevents most forms of teleportation.
 M - a +2 leather armour of poison resistance
Jewellery
 k - a ring of positive energy (left hand)
 v - the amulet of Ciguj (around neck) {Acrobat Rampage *Corrode rElec Str+3}
   (You found it on level 5 of the Dungeon)

   [amulet of the acrobat]

   Acrobat:   It increases your evasion while moving and waiting.
   Str+3:     It affects your strength (+3).
   rElec:     It insulates you from electricity.
   *Corrode:  It may corrode you when you take damage.
   Rampage:   It bestows one free step when moving towards enemies.
 J - a ring of protection from cold (right hand)
 L - the ring "Nurih" {Ice rElec rPois}
   (You found it on level 8 of the Dungeon)

   [ring of ice]

   Ice:       It enhances your ice magic.
   rF-:       It makes you vulnerable to fire.
   rC+:       It protects you from cold.
   rElec:     It insulates you from electricity.
   rPois:     It protects you from poison
Talismans
 c - a beast talisman
 d - a flux talisman (active)
 I - a blade talisman
Wands
 i - a wand of flame (12)
 y - a wand of roots (9)
 E - a wand of mindburst (5)
Scrolls
 e - a scroll of amnesia
 f - 2 scrolls of noise
 g - a scroll of enchant weapon {unknown}
 h - a scroll of poison
 j - a scroll of revelation
 t - 3 scrolls of teleportation
 x - a scroll of immolation {unknown}
 D - a scroll of fog {unknown}
 G - a scroll of torment {unknown}
Potions
 b - 2 potions of lignification
 m - a potion of mutation
 r - a potion of resistance
 s - a potion of haste
 A - 2 potions of degeneration
 F - 4 potions of might


   Skills:
 + Level 5.2 Fighting
 + Level 4.4 Short Blades
 + Level 4.4 Long Blades
 + Level 4.4 Axes
 + Level 4.4 Maces & Flails
 + Level 4.4 Polearms
 + Level 4.4 Staves
 + Level 4.4 Ranged Weapons
 + Level 4.4 Throwing
 + Level 4.4 Armour
 + Level 6.4 Dodging
 + Level 4.4 Stealth
 + Level 4.4 Shields
 + Level 8.0 Unarmed Combat
 + Level 4.4 Spellcasting
 + Level 3.6 Conjurations
 + Level 3.6 Hexes
 + Level 3.6 Summonings
 + Level 3.6 Necromancy
 + Level 3.6 Translocations
 + Level 3.6 Fire Magic
 + Level 3.6 Ice Magic
 + Level 3.6 Air Magic
 + Level 3.6 Earth Magic
 + Level 3.6 Alchemy
 + Level 4.8 Invocations
 + Level 4.4 Evocations
 + Level 7.7 Shapeshifting


You had 8 spell levels left.
You knew the following spells:

 Your Spells              Type           Power      Damage    Failure   Level
a - Blink                 Tloc           24%        N/A       7%          2
b - Call Imp              Summ           24%        N/A       7%          2
c - Lesser Beckoning      Tloc           24%        N/A       7%          2
d - Ensorcelled Hibernat  Hex/Ice        24%        N/A       7%          2

Your spell library contained the following spells:

 Spells                   Type           Power      Damage    Failure   Level
 Magic Dart               Conj           48%        1d5       4%          1
 Momentum Strike          Conj/Tloc      24%        3d8       7%          2
 Fugue of the Fallen      Necr           12%        N/A       14%         3
 Anguish                  Hex/Necr       6%         N/A       41%         4


Dungeon Overview and Level Annotations

Branches:
Dungeon (8/15)             Temple (1/1) D:5
   Lair: D:8-11

Altars:
Ashenzari
Dithmenos
Elyvilon
Fedhas
Gozag
Kikubaaqudgha
Makhleb
Nemelex Xobeh
Okawaru
Qazlal
Ru
Sif Muna
Trog
Uskayaw
Vehumet
Wu Jian
Yredelemnul

Shops:
D:2 =   D:5 [

Annotations:
D:8 3 runed translucent doors


Innate Abilities, Weirdness & Mutations

You are something dangerously unstable.
You glow with magical radiation, making you easy to see and hit.
Foes you strike become dangerously contaminated with magical radiation.
You are incapable of wielding weapons or throwing items.
You have very sharp teeth.
Your uncanny sense of smell can sniff out nearby items.
Your experience applies equally to all skills.


Message History

The killer bee barely misses you. The killer bee stings you.
* * * LOW HITPOINT WARNING * * *
You are poisoned.
The killer bee poisons you! The killer bee completely misses you.
The killer bee closely misses you.
Your cerulean imp misses the killer bee.
Your transformation has ended.
Your +0 scale mail unmelds from your body.
You turn into a tree.
Your +0 cloak melds into your body.
Your +1 helmet melds into your body.
Your +1 pair of gloves melds into your body.
Your +1 pair of boots of flying melds into your body.
Your +0 scale mail melds into your body.
You float gracefully downwards.
Your roots penetrate the ground.
You feel sick.
The killer bee stings you but does no damage. x3
The killer bee stings you.
* * * LOW HITPOINT WARNING * * *
Your cerulean imp completely misses the killer bee.
You hit the killer bee.
The killer bee is heavily wounded.
You feel sick.
The killer bee stings you but does no damage.
The killer bee stings you.
* * * LOW HITPOINT WARNING * * *
The killer bee stings you but does no damage.
The killer bee stings you.
* * * LOW HITPOINT WARNING * * *
It was a potion of cancellation.
Your magical effects are unravelling.
You feel magically purged.
You feel less wooden.
Your +0 cloak unmelds from your body.
Your +1 helmet unmelds from your body.
Your +1 pair of gloves unmelds from your body.
Your +1 pair of boots of flying unmelds from your body.
Your +0 scale mail unmelds from your body.
You fly up into the air.
You turn into something dangerously unstable.
Your +0 scale mail melds into your body.
You are no longer corroded.
You die...

#...............####.#
#.................##.#
##.....#.####...#.##.#
###.#.#....#...#.##.#
###.#.###..#...#.##.#
#..........#......#.#
#......)....>.......##
#...........<5y#..##.#
#...####.#..#yp#..##.###
#.#.# #...............#
#.#.# #.##.#....###.###
#...# #.#.......# #.# #
#.#.# #....#....###.### #
#...####.#.##.#........#
###.#......#.......#######
.##.......##.##.##.#
.######.#.##.##....#


You could see 2 killer bees and a friendly cerulean imp (summoned).

Vanquished Creatures
  Jeremiah (D:6)
  Sigmund (D:3)
  A steam dragon (D:7)
  An ice beast (D:5)
  A sky beast (D:7)
  2 ogres
  A centaur (D:5)
  A kobold brigand (D:5)
  2 phantoms (D:5)
  3 bullfrogs
  2 scorpions
  A bombardier beetle (D:5)
  4 hounds
  2 jellies (D:6)
  2 iguanas
  Ijyb (D:5)
  Natasha (thrice) (D:2)
  Terence (D:3)
  3 orc wizards
  Robin (D:2)
  7 adders
  A shadow imp (D:8)
  2 white imps (D:6)
  2 ufetubi (D:6)
  A dart slug (D:5)
  3 ribbon worms
  25 orcs
  6 ball pythons
  9 bats
  2 endoplasms
  7 giant cockroaches
  12 goblins
  9 hobgoblins
  7 quokkas
  3 frilled lizards
  17 kobolds
  3 rats
150 creatures vanquished.

Vanquished Creatures (collateral kills)
  A wyvern (D:7)
  An orc wizard (D:7)
2 creatures vanquished.

Grand Total: 152 creatures vanquished

Notes
Turn   | Place    | Note
-------+----------+-------------------------------------------
     0 | D:1      | jlumianski the Gnoll Shapeshifter began the quest for the
                  | Orb.
     0 | D:1      | Reached XP level 1. HP: 17/17 MP: 1/1
   186 | D:2      | You fall into a shaft and drop 1 floor!
   293 | D:2      | Reached XP level 2. HP: 21/23 MP: 2/2
   496 | D:1      | Reached XP level 3. HP: 27/28 MP: 3/3
   576 | D:2      | Found Wyocuj's Jewellery Shop.
   630 | D:3      | Noticed Sigmund
   670 | D:2      | Reached skill level 1 in Invocations
   717 | D:3      | Reached skill level 1 in Short Blades
   717 | D:3      | Reached skill level 1 in Long Blades
   717 | D:3      | Reached skill level 1 in Axes
   717 | D:3      | Reached skill level 1 in Maces & Flails
   717 | D:3      | Reached skill level 1 in Polearms
   717 | D:3      | Reached skill level 1 in Staves
   717 | D:3      | Reached skill level 1 in Ranged Weapons
   717 | D:3      | Reached skill level 1 in Throwing
   717 | D:3      | Reached skill level 1 in Armour
   717 | D:3      | Reached skill level 1 in Stealth
   717 | D:3      | Reached skill level 1 in Shields
   717 | D:3      | Reached skill level 1 in Spellcasting
   717 | D:3      | Reached skill level 1 in Evocations
   835 | D:3      | Reached XP level 4. HP: 33/34 MP: 5/5
   900 | D:3      | Noticed Terence
   905 | D:3      | Killed Terence
   906 | D:3      | Reached skill level 1 in Conjurations
   906 | D:3      | Reached skill level 1 in Hexes
   906 | D:3      | Reached skill level 1 in Summonings
   906 | D:3      | Reached skill level 1 in Necromancy
   906 | D:3      | Reached skill level 1 in Translocations
   906 | D:3      | Reached skill level 1 in Fire Magic
   906 | D:3      | Reached skill level 1 in Ice Magic
   906 | D:3      | Reached skill level 1 in Air Magic
   906 | D:3      | Reached skill level 1 in Earth Magic
   906 | D:3      | Reached skill level 1 in Alchemy
  1059 | D:2      | Noticed Natasha
  1078 | D:2      | Killed Natasha
  1079 | D:2      | Reached XP level 5. HP: 7/40 MP: 5/7
  1080 | D:2      | Noticed Natasha
  1083 | D:2      | Killed Natasha
  1321 | D:2      | Noticed Natasha
  1327 | D:2      | Killed Natasha
  1823 | D:3      | Noticed Robin
  2175 | D:2      | Killed Robin
  2339 | D:3      | Killed Sigmund
  2340 | D:3      | Reached skill level 5 in Dodging
  2340 | D:3      | Reached XP level 6. HP: 25/47 MP: 7/9
  2694 | D:4      | Reached XP level 7. HP: 44/52 MP: 10/10
  2758 | D:5      | Entered Level 5 of the Dungeon
  2790 | D:4      | Reached skill level 7 in Unarmed Combat
  2826 | D:5      | Found a staircase to the Ecumenical Temple.
  2835 | Temple   | Entered the Ecumenical Temple
  2848 | Temple   | Became a worshipper of the Wu Jian Council
  2888 | D:5      | Found an ancient bone altar of Kikubaaqudgha.
  2891 | D:5      | Identified the amulet of Ciguj {Acrobat Rampage *Corrode
                  | rElec Str+3}
  3510 | D:5      | Noticed Ijyb
  3536 | D:5      | Killed Ijyb
  3699 | D:5      | Found a sacrificial altar of Ru.
  3853 | D:6      | Noticed Jeremiah
  3967 | D:5      | Found Nutweh's Antique Armour Emporium.
  4347 | D:6      | Reached XP level 8. HP: 60/60 MP: 12/12
  4443 | D:6      | Reached * piety under Wu Jian
  4576 | D:5      | Bought a pair of runed boots for 172 gold pieces
  4848 | D:6      | Killed Jeremiah
  4849 | D:6      | Reached XP level 9. HP: 50/66 MP: 14/14
  4852 | D:6      | Learned a level 2 spell: Blink
  4855 | D:6      | Learned a level 2 spell: Call Imp
  4858 | D:6      | Learned a level 2 spell: Lesser Beckoning
  4861 | D:6      | Learned a level 2 spell: Ensorcelled Hibernation
  5211 | D:6      | Identified the +3 scale mail "Ihypawny" {-Tele rPois rC+
                  | SInv}
  5783 | D:8      | Found a runed translucent gate.
  5793 | D:8      | Found a runed translucent gate.
  5794 | D:8      | Found a runed translucent gate.
  5835 | D:8      | Identified the ring "Nurih" {Ice rElec rPois}
  5900 | D:7      | Reached skill level 5 in Fighting
  6259 | D:7      | Found a stormy altar of Qazlal.
  6266 | D:7      | Reached skill level 8 in Unarmed Combat
  6629 | D:7      | HP: 2/102 [killer bee (6)]
  6630 | D:7      | Succumbed to a killer bee's poison

Illustrated notes

Levels and vault maps discovered:
D:1:      amcnicky_arrival_underground_garden, layout_basic, serial_rivers,
          chequers_serial_rivers_micro_a, chequers_serial_rivers_micro_c,
          chequers_serial_rivers_large_b, chequers_serial_rivers_room_b,
          chequers_hall_statues_y, dreamdust_mushroom_princess,
          serial_park_tiny_pond
D:2:      layout_rooms, serial_shops, nicolae_shop_gaudy_bauble, uniq_natasha
D:3:      layout_loops_ring, mainiacjoe_overflow_boulevard,
          corexii_item_surrounded_by_moat, uniq_robin, uniq_sigmund,
          uniq_terence
D:4:      layout_loops_ring
D:5:      layout_loops_ring, nicolae_ru_awakened_eye,
          mainiacjoe_overflow_small_starburst, minmay_temple_entry_antechambers,
          serial_shops, nicolae_take_the_stairs, uniq_ijyb
D:6:      layout_cave_pools, uniq_jeremiah
D:7:      layout_basic, lemuel_tele_altar, serial_curves, eino_curves_01,
          eino_curves_01, eino_curves_01, eino_curves_04
D:8:      layout_basic, gammafunk_ghost_icy
Temple:   eino_temple_lava

Skill      XL: |  1  2  3  4  5  6  7  8  9 |
---------------+----------------------------+-----
Invocations    | 1 2 3 4 |  4.8
Short Blades   | 1 2 3 4 |  4.4
Long Blades    | 1 2 3 4 |  4.4
Axes           | 1 2 3 4 |  4.4
Maces & Flails | 1 2 3 4 |  4.4
Polearms       | 1 2 3 4 |  4.4
Staves         | 1 2 3 4 |  4.4
Ranged Weapons | 1 2 3 4 |  4.4
Throwing       | 1 2 3 4 |  4.4
Armour         | 1 2 3 4 |  4.4
Stealth        | 1 2 3 4 |  4.4
Shields        | 1 2 3 4 |  4.4
Spellcasting   | 1 2 3 4 |  4.4
Evocations     | 1 2 3 4 |  4.4
Conjurations   | 1 2 3 |  3.6
Hexes          | 1 2 3 |  3.6
Summonings     | 1 2 3 |  3.6
Necromancy     | 1 2 3 |  3.6
Translocations | 1 2 3 |  3.6
Fire Magic     | 1 2 3 |  3.6
Ice Magic      | 1 2 3 |  3.6
Air Magic      | 1 2 3 |  3.6
Earth Magic    | 1 2 3 |  3.6
Alchemy        | 1 2 3 |  3.6
Fighting       | 3 4 5 |  5.2
Dodging        | 5 6 |  6.4
Unarmed Combat | 7 8 |  8.0
Shapeshifting  | 7 |  7.7

Action                     |  1- 3 |  4- 6 |  7- 9 || total
---------------------------+-------+-------+-------++-------
  Melee: Unarmed           |    73 |   113 |   310 ||   496
         Bite              |     5 |    15 |    38 ||    58
         Punch             |     2 |     3 |       ||     5
   Cast: Call Imp          |       |       |    11 ||    11
         Ensorcelled Hiber |       |       |     2 ||     2
         Blink             |       |       |     1 ||     1
Ability: Lunge             |       |       |    26 ||    26
         Whirlwind         |       |       |    21 ||    21
  Evoke: Wand              |       |       |     1 ||     1
    Use: Scroll            |       |     6 |     5 ||    11
         Potion            |       |     4 |     3 ||     7
   Stab: Distracted        |       |       |     1 ||     1
 Armour: Animal skin       |    17 |       |       ||    17
         Scale mail        |    23 |   121 |       ||   144
         Skin              |       |     5 |   131 ||   136
  Dodge: Dodged            |    45 |    83 |   265 ||   393
   Form: Flux              |       |     1 |       ||     1

Table legend: (Time is in decaauts)
 A = Elapsed time spent in this place.
 B = Non-inter-level travel time spent in this place.
 C = Inter-level travel time spent in this place.
 D = Time resting spent in this place.
 E = Time spent auto-exploring this place.
 F = Levels seen in this place.
 G = Mean time per level.
                   A        B        C        D        E       F      G
               +--------+--------+--------+--------+--------+-----+--------+
         Total |   6664 |   6546 |    118 |   1034 |   3134 |   9 |  740.4 |
       Dungeon |   6640 |   6522 |    118 |   1034 |   3134 |   8 |  830.0 |
        Temple |     23 |     23 |      0 |      0 |      0 |   1 |   23.0 |
               +--------+--------+--------+--------+--------+-----+--------+

Top non-repeatable levels by time:
     D:5: 1227 daAuts
     D:2: 998 daAuts
     D:7: 975 daAuts
     D:4: 843 daAuts
     D:1: 801 daAuts
     D:6: 795 daAuts
     D:3: 780 daAuts
     D:8: 219 daAuts
  Temple: 23 daAuts
